Map: King Sejong Station LE

Players

Miszu - Winner!

  • Race: Protoss Protoss
  • League: Master

Snake

  • Race: Zerg Zerg
  • League: Master

VOD

Have the link to the VOD?

Description

Time

  • Played on: June 20, 2016, 11:50 a.m.
  • Length: 12:15
Show
View Real Time Build Order
Export as new Build Order

Miszu Protoss - Winner!

Build Orders: 1 Gate Expand 

Get SALT Encoding   

  12  0:01  Probe (Chrono Boost)  
  13  0:12  Probe (Chrono Boost)  
  14  0:19  Pylon  
  14  0:23  Probe (Chrono Boost)  
  15  0:37  Probe (Chrono Boost)  
  15  0:39  Gateway  
  16  0:45  Assimilator  
  16  0:48  Probe (Chrono Boost)  
  17  0:58  Probe (Chrono Boost)  
  18  1:18  Nexus  
  18  1:29  Cybernetics Core  
  18  1:32  Cybernetics Core  
  18  1:36  Probe (Chrono Boost)  
  19  1:46  Probe (Chrono Boost)  
  20  1:54  Pylon  
  20  1:57  Probe (Chrono Boost)  
  21  2:05  Assimilator  
  22  2:08  Probe (Chrono Boost)  
  22  2:09  Warp Gate (Chrono Boost)  
  22  2:13  Adept (Chrono Boost)  
  24  2:20  Probe  
  25  2:28  Mothership Core  
  25  2:32  Probe  
  28  2:38  Adept (Chrono Boost)  
  30  2:44  Gateway, Probe  
  30  2:48  Probe  
  32  2:56  Gateway  
  32  2:57  Probe  
  33  3:05  Adept (Chrono Boost)  
  35  3:11  Probe  
  36  3:17  Pylon  
  36  3:21  Pylon  
  36  3:26  Probe  
  37  3:31  Pylon  
  37  3:39  Pylon  
  37  3:47  Probe x2  
  39  3:52  Stargate x2  
  39  3:59  Pylon  
  39  4:02  Probe x2  
  41  4:14  Probe  
  41  4:15  Adept x3  
  48  4:24  Probe  
  48  4:26  Probe  
  50  4:35  Adept  
  50  4:36  Adept x2  
  56  4:46  Probe x2  
  56  4:49  Phoenix x2 (Chrono Boost)  
  62  4:58  Probe  
  62  4:59  Assimilator x2  
  63  5:01  Pylon  
  64  5:07  Probe  
  64  5:09  Pylon  
  64  5:10  Probe  
  65  5:19  Phoenix x2 (Chrono Boost)  
  57  5:34  Adept x2  
  57  5:40  Phoenix (Chrono Boost), Probe x2  
  61  5:49  Phoenix (Chrono Boost)  
  63  5:52  Probe  
  63  5:56  Probe  
  65  6:04  Probe  
  65  6:08  Nexus  
  68  6:11  Phoenix (Chrono Boost)  
  68  6:19  Phoenix (Chrono Boost)  
  68  6:25  Probe x2  
  72  6:36  Robotics Facility  
  72  6:37  Probe x2  
  72  6:38  Robotics Facility  
  74  6:40  Pylon  
  74  6:42  Adept  
  75  6:49  Probe  
  76  6:54  Adept x2  
  76  6:55  Probe  
  81  7:04  Twilight Council  
  79  7:28  Adept x3  
  85  7:30  Probe x3  
  85  7:36  Immortal x2 (Chrono Boost)  
  96  7:37  Pylon  
  96  7:43  Resonating Glaives (Chrono Boost)  
  96  7:45  Gateway  
  96  7:47  Gateway  
  96  7:49  Adept  
  98  7:52  Adept  
  100  7:59  Adept  
  102  8:14  Immortal (Chrono Boost)  
  102  8:17  Observer (Chrono Boost)  
  107  8:20  Probe  
  107  8:21  Probe x2  
  107  8:24  Assimilator  
  110  8:29  Assimilator  
  110  8:30  Pylon  
  110  8:33  Probe x3  
  113  8:38  Immortal  
  113  8:45  Probe  
  113  8:48  Observer  
  118  8:51  Pylon  
  118  8:54  Pylon  
  119  8:57  Forge  
  119  9:03  Gateway  
  119  9:04  Gateway, Immortal  
  119  9:09  Templar Archives  
  123  9:12  Immortal  
  123  9:18  Charge (Chrono Boost), Zealot  
  123  9:19  Zealot x3  
  135  9:28  Zealot  
  135  9:31  Protoss Ground Weapons Level 1  
  135  9:35  Pylon  
  135  9:37  Gateway  
  135  9:38  Gateway  
  135  9:39  Gateway  
  135  9:42  Pylon  
  135  9:48  Photon Cannon  
  135  9:50  Pylon  
  135  9:53  Zealot x3  
  135  9:54  Zealot  
  143  10:14  Zealot x5  
  147  10:27  High Templar  
  149  10:33  Pylon  
  149  10:34  High Templar  
  149  10:35  High Templar x4, Pylon  
  159  10:36  Zealot  
  159  10:37  Pylon  
  159  10:38  Pylon  
  159  10:39  Archon  
  159  10:40  Archon x2  
  159  10:41  Zealot x3  
  167  10:57  High Templar  
  167  11:06  High Templar  
  167  11:07  High Templar x3  
  167  11:08  Zealot x5  
  167  11:10  Archon  
  167  11:11  Archon  
  185  11:12  Observer x2  
  179  11:39  Adept x7  
  150  11:40  Adept x3  
Show
View Real Time Build Order
Export as new Build Order

Snake Zerg 

Build Orders: Pool First, Lurkers 

Get SALT Encoding   

  12  0:02  Drone  
  13  0:13  Overlord  
  13  0:17  Drone  
  14  0:31  Drone  
  14  0:32  Drone  
  16  0:39  Drone  
  17  0:48  Spawning Pool, Drone  
  17  0:58  Drone  
  18  1:14  Hatchery  
  17  1:23  Extractor  
  17  1:24  Drone x2  
  18  1:28  Drone  
  19  1:36  Queen  
  21  1:40  Overlord  
  21  1:51  Zergling x2  
  22  2:02  Zergling x2  
  23  2:12  Queen  
  23  2:13  Zergling x2  
  26  2:22  Zergling x2  
  27  2:31  Zergling x2  
  27  2:33  Zergling x2  
  29  2:37  Zergling x2  
  30  2:48  Zergling x10  
  30  2:50  Metabolic Boost  
  35  2:57  Extractor, Queen  
  37  2:58  Overlord  
  37  3:15  Hatchery  
  36  3:22  Drone x3  
  39  3:30  Drone x3  
  41  3:44  Drone  
  41  3:45  Drone x2  
  43  3:50  Spore Crawler  
  43  3:52  Lair  
  42  3:57  Drone  
  43  4:04  Overlord  
  43  4:13  Overlord  
  43  4:14  Overlord  
  43  4:23  Extractor  
  42  4:24  Queen  
  42  4:27  Drone x2  
  42  4:28  Drone x2  
  47  4:31  Zergling x2  
  47  4:32  Zergling x6  
  47  4:37  Drone  
  47  4:38  Drone  
  51  4:49  Zergling x6  
  51  4:52  Zergling x4  
  56  4:53  Hydralisk Den  
  56  4:58  Zergling x8  
  58  5:19  Drone x3  
  58  5:20  Drone x3  
  58  5:26  Drone  
  58  5:27  Drone x6  
  61  5:31  Drone x2  
  61  5:32  Lurker Den  
  63  5:41  Extractor  
  63  5:42  Extractor  
  61  5:43  Drone x2  
  61  5:44  Drone  
  61  5:48  Spore Crawler  
  63  5:50  Spore Crawler  
  63  5:52  Overlord x2, Spore Crawler  
  57  6:20  Drone x3  
  57  6:22  Drone x3  
  61  6:26  Hydralisk x2  
  61  6:27  Overlord x3  
  61  6:29  Spore Crawler  
  61  6:32  Spore Crawler  
  63  6:34  Spore Crawler  
  63  6:35  Overlord  
  60  6:40  Hydralisk x2  
  60  6:46  Hydralisk x2  
  64  6:51  Hydralisk  
  69  6:59  Hydralisk  
  71  7:02  Zergling x10  
  71  7:03  Zergling x6  
  71  7:07  Drone  
  71  7:08  Queen x2  
  78  7:14  Spore Crawler  
  79  7:16  Drone x5  
  77  7:28  Drone  
  76  7:33  Zergling x4, Muscular Augments  
  76  7:34  Zergling x8  
  82  7:38  Queen  
  82  7:39  Zergling x8  
  82  7:40  Extractor  
  82  7:41  Extractor  
  82  7:42  Zergling x2  
  87  7:45  Lurker x2  
  87  7:47  Zergling x2  
  90  7:51  Overlord  
  90  7:57  Overlord  
  90  7:59  Overlord  
  90  8:08  Overlord  
  90  8:10  Hydralisk x3  
  90  8:11  Hydralisk  
  97  8:15  Drone x2  
  97  8:19  Drone x2  
  100  8:26  Drone x4  
  104  8:30  Drone  
  104  8:31  Hydralisk  
  107  8:40  Drone  
  105  8:43  Hydralisk  
  105  8:46  Hydralisk  
  109  8:50  Hydralisk  
  109  8:54  Hydralisk x3  
  117  8:57  Hydralisk  
  117  8:59  Hydralisk  
  121  9:03  Drone  
  121  9:06  Overlord  
  121  9:07  Overlord  
  121  9:22  Overlord  
  120  9:26  Drone x2  
  120  9:27  Hydralisk x4  
  131  9:31  Lurker x3  
  131  9:32  Lurker  
  131  9:36  Zergling x2  
  131  9:37  Zergling x4  
  136  9:43  Overlord  
  136  9:45  Drone  
  136  9:46  Drone x3  
  136  9:52  Hydralisk x2  
  141  10:12  Hydralisk  
  141  10:13  Hydralisk x6  
  143  10:18  Lurker x3  
  143  10:19  Lurker  
  147  10:22  Drone x2  
  147  10:25  Drone x3  
  147  10:27  Drone  
  153  10:31  Overlord  
  153  10:35  Overseer x2  
  150  10:59  Lurker x2  
  150  11:00  Zergling x8  
  150  11:01  Overlord  
  156  11:04  Evolution Chamber x2  
  156  11:09  Hatchery  
  156  11:10  Lurker x3  
  156  11:11  Lurker x4  
  160  11:12  Zergling x4  
  160  11:13  Overlord x2  
Tags
 
Add a new tag
Caveats
  • Supply blocks, unpowered buildings, or Contaminate may cause inaccurate times.
  • Supply counts are checked every 10 seconds.